 BcadrenCrawl: Boulder Brew version 0.06-744-gf22570f5e0 (webtiles) character file.

Game seed: 6162609702324930770

58 LabCoat the Skirmisher (level 4, -4/59 HPs) Hill Orc Fighter. Began on Mar 9, 2023. Splashed by a jelly's acid (9 damage) ... on level 2 of the Dungeon. The game lasted 00:03:19 (788 turns).

LabCoat the Skirmisher (Hill Orc Fighter)            Turns: 788, Time: 00:03:21

Health: -4/59      AC: -1    Str: 19    XL:     4 ^: 82
Magic:  4/4        EV:  8    Int:  8    God:
Gold:   28         SH:  7    Dex: 10    Spells: 3/3 levels left

rFire    + . .     Slash    .   a - +0 war axe
rCold    . . .     Pierce   .   c - +0 heater shield
rNeg     . . .     Bludgeon .   b - +0 scale mail
rCorr    . . .     Vision   .   (no helmet)
rPois    +         Gourm    .   (no cloak)
rElec    +         Faith    .   (no gloves)
MR       .....     Spirit   .   (no boots)
HPRegen  0.29/turn Reflect  .   e - amulet of chaos
MPRegen  0.14/turn Harm     .   k - ring of fire
Stlth    ..........             (no ring)

@: corroded
A: soft flesh
a: no special abilities


You were on level 2 of the Dungeon.
You were not hungry.

You visited 1 branch of the dungeon, and saw 2 of its levels.

You collected 28 gold pieces.

Inventory:

Weapons
 a - a +0 war axe (weapon) Shields
 c - a +0 heater shield (shield)
Armour
 b - a +0 scale mail (worn)
Jewellery
 d - a cursed ring of protection {(Curse: rF-)}
 e - an amulet of chaos (around neck)
 h - a cursed amulet of the gourmand {(Curse: -Vis)}
 k - a ring of fire (left hand)
 l - a cursed ring of slaying {(Curse: MR-)}
 o - a cursed amulet of magic regeneration {(Curse: -Vis MR-)}
Scrolls
 j - a scroll of random uselessness
 m - a scroll of silence
 n - a scroll of fear
Comestibles
 f - 2 rations
 g - a chunk of flesh


   Skills:
 * Level 4.3 Fighting
 * Level 3.6 Axes & Hammers
 + Level 3.5 Armour
 * Level 1.1 Dodging
 + Level 3.6 Shields


You had 3 spell levels left.
You didn't know any spells.
Your spell library was empty.

Dungeon Overview and Level Annotations

Branches:
Dungeon (2/8)

Altars:


Innate Abilities, Weirdness & Mutations

((Your soft flesh is weak to deep cuts.
Heavy manmade armour will nullify this weakness. (rSlashing-)))


Message History

The jelly is moderately wounded. (10/15) HP The jelly hits you (3).
You are splashed with acid (6).
The jelly hits you (2).
You are splashed with acid (3).
You resist.
You hit the jelly but do no damage.
Your hands burn (2).
The jelly is moderately wounded. (10/15) HP The jelly hits you (4).
* * * LOW HITPOINT WARNING * * *
You are splashed with acid (9)!
* * * LOW HITPOINT WARNING * * *
You feel better.
You drop the empty bottle.
The jelly hits you (2).
* * * LOW HITPOINT WARNING * * *
You are splashed with acid (3).
You resist.
* * * LOW HITPOINT WARNING * * *
You hit the jelly (3).
It resists.
Your hands burn (3).
* * * LOW HITPOINT WARNING * * *
The jelly is heavily wounded. (7/15) HP The jelly hits you (2).
* * * LOW HITPOINT WARNING * * *
You are splashed with acid (9)!
You die...

##.. ≈P≈≈...
#≈.. P≈≈≈...
≈.. ≈P≈≈≈b.
###≈. .≈P≈≈..
#≈...#.P≈≈≈..
#≈...≈.≈≈≈≈.#
≈.##...J.≈≈≈≈.#
#......@≈......
#.....≈.#######
######### #####


You could see a jelly.

Vanquished Creatures
  3 cinder newts (D:1)
  A dart slug (D:1)
  3 leopard geckos (D:1)
  2 bats (D:1)
  7 goblins (D:1)
  7 hobgoblins (D:1)
  6 kobolds (D:1)
  2 rats (D:1)
31 creatures vanquished.

Notes
Turn   | Place    | Note
-------+----------+-------------------------------------------
     0 | D:1      | LabCoat the Hill Orc Fighter began the quest for the Orb.
     0 | D:1      | Reached XP level 1. HP: 29/29 MP: 1/1
    46 | D:1      | Reached XP level 2. HP: 28/39 MP: 2/2
   104 | D:1      | Reached skill level 4 in Fighting
   140 | D:1      | Reached XP level 3. HP: 45/49 MP: 3/3
   181 | D:1      | Reached skill level 1 in Dodging
   596 | D:1      | Reached XP level 4. HP: 59/59 MP: 4/4
   788 | D:2      | Splashed by a jelly's acid

Illustrated notes

Levels and vault maps discovered:
D:1:      dpeg_arrival_chase, layout_cave_pools
D:2:      layout_sewer, vehumet_altar_wand_db, elyvilon_niche, serial_shops,
          shop, serial_glass, glass_columns_c, glass_columns_a,
          minmay_strange_pillars, kennysheep_another_room

Skill      XL: |  1  2  3 |
---------------+----------+-----
Axes & Hammers | 3 |  3.6
Fighting       | 4 |  4.3
Dodging        | 1 |  1.1
Armour         | |  3.5
Shields        | |  3.6

Action                   |  1- 3 |  4- 6 || total
-------------------------+-------+-------++-------
Melee: War axe           |    53 |     5 ||    58
  Use: Potion            |     2 |     1 ||     3
Armor: Scale mail        |    28 |     1 ||    29
Dodge: Dodged            |     9 |       ||     9
Block: Heater shield     |    29 |       ||    29
